 Dungeon Crawl Stone Soup version 0.30.0-5-g1a98f26d00 (webtiles) character file.

Game seed: 8395699491236484862

78 browni3141 the Trooper (level 4, -3/52 HPs)
             Began as an Ogre Delver on May 10, 2023.
             Was an Initiate of Ru.
             Slain by a water moccasin (5 damage)
             ... on level 6 of the Dungeon.
             The game lasted 00:06:47 (423 turns).

browni3141 the Trooper (Ogre Delver)                 Turns: 423, Time: 00:06:48

Health: -3/52      AC:  3    Str: 18    XL:     4   Next: 36%
Magic:  4/4        EV: 10    Int: 11    God:    Ru [......]
Gold:   47         SH:  0    Dex: 10    Spells: 3/3 levels left

rFire   . . .        a - +0 mace
rCold   . . .        (no shield)
rNeg    . . .        b - +0 robe
rPois   .            (helmet restricted)
rElec   .            (no cloak)
rCorr   .            (gloves unavailable)
SInv    .            (boots unavailable)
Will    .....        (no amulet)
Stlth   ++           (no ring)
HPRegen 0.28/turn    (no ring)
MPRegen 0.09/turn

%: no passive effects
@: mighty, lethally poisoned (-3 -> -18), hasted, very quick
A: large, unfitting armour, tough skin 1
a: Renounce Religion


You were on level 6 of the Dungeon.
You worshipped Ru.
Ru was noncommittal.
You visited 2 branches of the dungeon, and saw 4 of its levels.

You collected 47 gold pieces.

Inventory:

Hand Weapons
 a - a +0 mace (weapon)
Armour
 b - a +0 robe (worn)
Wands
 g - a wand of digging (2)
Scrolls
 d - a scroll of magic mapping
 F - a scroll of fog
 G - a scroll of identify {unknown}


   Skills:
 * Level 6.2 Fighting
 * Level 2.0 Maces & Flails
 - Level 2.0 Dodging
 * Level 3.8 Stealth


You had 3 spell levels left.
You didn't know any spells.
Your spell library was empty.

Dungeon Overview and Level Annotations

Branches:
Dungeon (7/15)             Temple (1/1) D:5

Altars:
Dithmenos
Elyvilon
Gozag
Kikubaaqudgha
Nemelex Xobeh
Okawaru
Qazlal
Ru
Wu Jian
Xom
Yredelemnul
Zin

Annotations:
D:5 exclusion: scorpion


Innate Abilities, Weirdness & Mutations

You are too large for most types of armour.
You have tough skin. (AC +1)


Message History

You miss the hound.
The hound is heavily wounded.
The hound closely misses you. The hound bites you but does no damage.
You closely miss the hound.
The hound is moderately wounded.
The hound bites you. The hound bites you but does no damage.
You miss the hound.
The hound is moderately wounded.
The hound completely misses you. The hound bites you.
You sock the hound!
The hound is almost dead.
The hound bites you. x2
You hit the hound.
You kill the hound!
Training target 6.0 for Fighting reached!
Your Fighting skill increases to level 6!
You need to enable at least one skill for training.
Training target 2.0 for Dodging reached!
Your Maces & Flails skill increases to level 2!
Your Dodging skill increases to level 2!
You have reached level 4!
You don't know any spells.
Unknown command.
You start resting.
An adder comes into view.
You start resting.
HP restored.
You see here a hound corpse.
You now have 28 gold pieces (gained 16).
You completely miss the adder. The adder bites you but does no damage.
You closely miss the adder. The adder barely misses you. x2
You hit the adder.
The adder is heavily wounded.
The adder bites you. The adder bites you but does no damage.
You closely miss the adder.
The adder is heavily wounded.
The adder bites you. x2
You barely miss the adder.
The adder is heavily wounded.
The adder bites you.
You completely miss the adder.
The adder is heavily wounded.
The adder bites you but does no damage. The adder closely misses you.
You barely miss the adder.
The adder is heavily wounded.
The adder bites you but does no damage. The adder bites you.
You hit the adder.
The adder is almost dead.
The adder bites you.
You are poisoned.
The adder poisons you!
You thump the adder!
You kill the adder!
You feel sick.
You start resting.
You feel sick. x3
You are no longer poisoned.
You start resting.
A water moccasin comes into view.
You now have 47 gold pieces (gained 19).
H - a golden potion You feel yourself speed up.
You barely miss the water moccasin. The water moccasin bites you.
You hit the water moccasin.
The water moccasin is lightly wounded.
The water moccasin bites you.
You barely miss the water moccasin.
The water moccasin is lightly wounded.
The water moccasin bites you.
You are poisoned.
The water moccasin poisons you! The water moccasin bites you.
You are more poisoned.
The water moccasin poisons you!
You hit the water moccasin.
The water moccasin is moderately wounded.
You feel very sick. The water moccasin bites you!
You are lethally poisoned!
The water moccasin poisons you!
You hit the water moccasin.
The water moccasin is heavily wounded.
You feel extremely sick. The water moccasin bites you.
You are too injured to fight recklessly!
It was a potion of might.
You feel very mighty all of a sudden.
You feel very sick.
The water moccasin bites you but does no damage.
You miss the water moccasin.
The water moccasin is heavily wounded.
* * * LOW HITPOINT WARNING * * *
You feel very sick. The water moccasin closely misses you.
You sock the water moccasin!
The water moccasin is almost dead.
* * * LOW HITPOINT WARNING * * *
You feel very sick. The water moccasin bites you.
* * * LOW HITPOINT WARNING * * *
The water moccasin bites you.
You die...

#.......# #.......#
###### #.......# #....#
#.......# #....#
#.......# #....#
#.......# .## #..###
#.......# ....####..#
#.......# #.....@##
##.#.#### ##...S.#
##.#.#
.....#...######..#.#
.................#..#
...........###..###.##
...........# #..###.#
...........# #...##.#
........#..# #......##
...........###.####..##


You could see a water moccasin.

Vanquished Creatures
  A howler monkey (D:6)
  A hound (D:6)
  An adder (D:6)
3 creatures vanquished.

Notes
Turn   | Place    | Note
-------+----------+-------------------------------------------
     0 | D:5      | browni3141 the Ogre Delver began the quest for the Orb.
     0 | D:5      | Reached XP level 1. HP: 24/24 MP: 1/1
     0 | D:5      | Found a staircase to the Ecumenical Temple.
     8 | D:5      | Noticed a gnoll bouda
     9 | Temple   | Entered the Ecumenical Temple
    49 | Temple   | Became a worshipper of Ru the Awakened
    67 | D:5      | Noticed a phantom
   104 | D:5      | Noticed a scorpion
   107 | D:5      | Noticed a howler monkey
   108 | D:5      | Noticed a centaur
   124 | D:6      | Killed a howler monkey
   125 | D:6      | Reached skill level 5 in Fighting
   125 | D:6      | Reached XP level 2. HP: 12/36 MP: 2/2
   125 | D:6      | Reached XP level 3. HP: 15/44 MP: 3/3
   259 | D:6      | Reached skill level 6 in Fighting
   259 | D:6      | Reached XP level 4. HP: 39/52 MP: 4/4
   370 | D:6      | Noticed a water moccasin
   423 | D:6      | HP: 2/52 [water moccasin (6)]
   423 | D:6      | Slain by a water moccasin

Illustrated notes

Levels and vault maps discovered:
D:5:      layout_rooms, minmay_temple_entry_stoned_glass,
          gammafunk_ghost_cemetery, kennysheep_nondescript
D:6:      layout_rooms, mainiacjoe_overflow_catwalk
D:7:      layout_basic, mainiacjoe_overflow_brackets, serial_shops, shop,
          uniq_pikel
Temple:   nicolae_temple_ecumenical_triangle

Skill      XL: |  1  2  3 |
---------------+----------+-----
Fighting       | 5 6 |  6.2
Maces & Flails | 2 |  2.0
Dodging        | 2 |  2.0
Stealth        | |  3.8

Action                     |  1- 3 |  4- 6 || total
---------------------------+-------+-------++-------
  Melee: Mace              |    14 |    16 ||    30
  Evoke: Wand              |     1 |       ||     1
    Use: Scroll            |     1 |       ||     1
         Potion            |       |     2 ||     2
 Armour: Robe              |     4 |     5 ||     9
  Dodge: Dodged            |     6 |     4 ||    10
